 Dungeon Crawl Stone Soup version 0.19-a0-459-gb8ed64d (webtiles) character file.

179 Delvonshi the Skirmisher (level 5, -14/50 HPs)
             Began as a Minotaur Chaos Knight on June 2, 2016.
             Engulfed by a cloud of flame (22 damage)
             ... on level 3 of the Dungeon.
             The game lasted 00:06:10 (2306 turns).

Delvonshi the Skirmisher (Minotaur Chaos Knight)    Turns: 2306, Time: 00:06:14

Health: -14/50     AC:  8    Str: 18    XL:     5   Next: 32%
Magic:  4/4        EV: 11    Int:  7    God:    Xom [.....*]
Gold:   117        SH:  0    Dex: 12    Spells: 0 memorised, 4 levels left

rFire  . . .     SeeInvis .     a - +0 mace (chaos)
rCold  . . .     Gourm    .     b - +2 leather armour
rNeg   . . .     Faith    .     (no shield)
rPois  .         Spirit   .     (helmet restricted)
rElec  .         Dismiss  .     (no cloak)
rCorr  .         Reflect  .     (no gloves)
SustAt .         Harm     .     k - +2 pair of boots {Stlth+}
MR     .....                    (no amulet)
Stlth  ++........               (no ring)
                                j - +5 ring of dexterity

@: drained, not resistant to hostile enchantments, unstealthy
A: retaliatory headbutt, horns 2, clumsy 1, dopey 1
a: Renounce Religion


You were on level 3 of the Dungeon.
You worshipped Xom.
You were Xom's teddy bear.
You were not hungry.

You visited 1 branch of the dungeon, and saw 3 of its levels.

You collected 117 gold pieces.

Inventory:

Hand Weapons
 a - a +0 mace of chaos (weapon)
 p - a +0 trident
Missiles
 n - 3 tomahawks (quivered)
Armour
 b - a +2 leather armour (worn)
 k - a +2 pair of boots of stealth (worn)
 t - a +0 scale mail
Jewellery
 j - a +5 ring of dexterity (left hand)
Scrolls
 f - 2 scrolls of enchant armour {unknown}
 g - a scroll of teleportation {unknown}
 h - a scroll of blinking {unknown}
 l - 2 scrolls of identify {unknown}
 m - a scroll of enchant weapon {unknown}
 q - a scroll of immolation {unknown}
 r - a scroll of amnesia {unknown}
 s - 2 scrolls of magic mapping {unknown}
Potions
 d - 3 potions of flight {unknown}
 e - a potion of cancellation {unknown}
 o - a potion of mutation {unknown}
Comestibles
 c - a bread ration
 i - 2 meat rations
 u - 4 chunks of flesh


   Skills:
 + Level 5.9(5.7) Fighting
 + Level 5.6(5.5) Maces & Flails
 - Level 2.4(2.3) Armour
 - Level 1.1(0.9) Dodging


You had 4 spell levels left.
You didn't know any spells.

Dungeon Overview and Level Annotations

Branches:
Dungeon (3/15)

Altars:
Ashenzari
Hepliaklqana
Sif Muna
Yredelemnul


Innate Abilities, Weirdness & Mutations

You reflexively headbutt those who attack you in melee.
You have a pair of horns on your head.
You are clumsy. (Dex -2)
You are dopey. (Int -2)


Message History

a dagger; a robe You see here a dagger.
Things that are here:
a short sword of protection; a scale mail
Things that are here:
a short sword of protection; a scale mail Your ring of flames is guttering out.
Items here: )) [[ ††
Things that are here:
a dagger; a robe You see here a dagger.
Items here: )) [[ †† Your ring of flames gutters out.
Eat one of 5 chunks of flesh? (ye/n/q/i?) This raw flesh tastes terrible.
You are engulfed in roaring flames.
* * * LOW HITPOINT WARNING * * *
You continue eating.
You are engulfed in roaring flames.
You die...
Xom laughs nastily!

.##..........#####
##.#.#.## .###.#..#..###
#)......# .###.#....##
#####.#.#.## .....#..###
#######.....>....#
.#####..##
#.........#.#.#.##
.......#.# #.#
###.#........# ######..##
#§# #...##.#.#.##
#.#######)###.###..###.##
#........§)@..# #..# .#
#.#######§###.###..# #
#.# #§# #.....# # #.# #.#
#####.# # ##.# #.# #..# #
..#.### #.# #.## ###.
#...# #.# #.#### ...#
###.# #.# ###....# ...+ #
#.# #.. #......#


There were no monsters in sight!

Vanquished Creatures
  2 orc priests (D:3)
  An orc wizard (D:3)
  4 adders
  3 dart slugs
  A giant gecko (D:1)
  3 orcs (D:3)
  A ball python (D:3)
  4 giant cockroaches
  5 goblins
  4 hobgoblins
  10 kobolds
  A bat (D:1)
  4 giant newts
  6 rats
  A spectral orc (D:3)
50 creatures vanquished.

Notes
Turn   | Place    | Note
--------------------------------------------------------------
     0 | D:1      | Delvonshi the Minotaur Chaos Knight began the quest for the Orb.
     0 | D:1      | Reached XP level 1. HP: 19/19 MP: 0/0
   448 | D:1      | XOM: harmless Tmut miscast
   512 | D:1      | Reached XP level 2. HP: 27/27 MP: 1/1
   770 | D:1      | XOM: god gift: 20 gold pieces {god gift}
  1069 | D:1      | XOM: god gift: pair of glowing boots {god gift}
  1109 | D:1      | XOM: harmless Erth miscast
  1212 | D:2      | XOM: harmless Tmut miscast
  1258 | D:2      | Reached XP level 3. HP: 34/34 MP: 2/2
  1261 | D:2      | XOM: god gift: trident {god gift}
  1271 | D:2      | Found a deep blue altar of Sif Muna.
  1583 | D:2      | XOM: medium Hex miscast
  1730 | D:2      | XOM: give mutations
  1730 | D:2      | Gained mutation: You are dopey. (Int -2) [Xom's mischief]
  1730 | D:2      | Gained mutation: You are clumsy. (Dex -2) [Xom's mischief]
  1808 | D:2      | XOM: summons 1 hostile demon
  1969 | D:3      | Found a shattered altar of Ashenzari.
  1975 | D:3      | Reached skill level 5 in Fighting
  1975 | D:3      | Reached XP level 4. HP: 38/42 MP: 3/3
  2061 | D:3      | Found a basalt altar of Yredelemnul.
  2112 | D:3      | Found a hazy altar of Hepliaklqana.
  2237 | D:3      | Reached skill level 5 in Maces & Flails
  2291 | D:3      | XOM: cast spell 'Ring of Flames'
  2294 | D:3      | Reached XP level 5. HP: 25/50 MP: 4/4
  2306 | D:3      | Engulfed by a cloud of flame

Vault maps used:
D:1:      lemuel_arrival_tunnels, serial_park_tiny_pond
D:2:      lemuel_coloured_pillars_altar, kennysheep_generic_room_15
D:3:      nicolae_overflow_crystal_walls, evilmike_ruin_ashenzari,
          yredelemnul_forgotten_temple_becter, minmay_misc_feat_chi, st_stairs_8

Skill      XL: |  1  2  3  4 |
---------------+-------------+-----
Fighting       | 4 5 |  5.9
Maces & Flails | 4 5 |  5.6
Armour         | |  2.4
Dodging        | |  1.1

Action                   |  1- 3 |  4- 6 || total
-------------------------+-------+-------++-------
Melee: Mace              |    77 |    24 ||   101
       Headbutt          |    10 |     3 ||    13
  Use: Potion            |     1 |       ||     1
 Stab: Sleeping          |     6 |     2 ||     8
  Eat: Chunk             |     2 |     3 ||     5
Armor: Leather armour    |    32 |    10 ||    42
Dodge: Dodged            |    40 |     7 ||    47
